[Event "45th Guernsey Open 2019"]
[Site "Vale"]
[Date "2019.10.22"]
[Round "3.7"]
[White "Dilleigh, Stephen P"]
[Black "Rosen, Daniel B"]
[Result "1/2-1/2"]
[ECO "A41"]
[WhiteElo "2037"]
[BlackElo "1990"]
[Annotator "NA RC"]
[PlyCount "104"]
[EventDate "2019.10.20"]
[EventCountry "GCI"]
[SourceTitle "playchess.com"]
[Source "ChessBase"]
[SourceQuality "1"]
[TimeControl "40/6000+30:2400+30"]

1. Nf3 d6 2. d4 Bg4 3. c4 c6 4. Nc3 Nd7 5. e4 Ngf6 6. Be2 Bxf3 7. Bxf3 e5 8. O-O Be7 9. d5 O-O 10. Be3 cxd5 {[%emt 0:21:21] A53: Old Indian Defence without Nf3} 11. cxd5 Qa5 (11... Qb8 12. Qb3 Rc8 13. Rfc1 a6 14. a4 Bd8 15. a5 b6 16. axb6 Nc5 17. Bxc5 Rxc5 {1-0 (55) Mareco,S (2664)-Gonzalez,R (2451) chess.com INT 2017}) 12. Qa4 $146 ({Predecessor:} 12. a3 Rfc8 13. b4 Qd8 14. Qb3 g6 15. Be2 h5 16. f3 Nh7 17. g3 Bg5 {0-1 (57) Juhasz,K (2150)-Kernazhitsky,L (2338) Zalakaros 2008}) 12... Qxa4 13. Nxa4 Rfc8 14. Rfc1 a6 15. Nb6 Nxb6 16. Bxb6 Kf8 17. Kf1 Ke8 18. Ke2 Bd8 19. Be3 h6 20. Kd3 Rc7 21. Rxc7 Bxc7 22. Rc1 Rc8 23. g3 Kd8 24. b4 Bb8 25. Rxc8+ Kxc8 26. a4 Bc7 27. Be2 Kd8 28. f4 Nd7 29. Bg4 f6 (29... exf4 $14 30. gxf4 Bb6) 30. Bxd7 Kxd7 31. f5 b5 32. a5 Bd8 33. Ke2 Ke8 34. Kf3 Kf7 35. Kg4 Be7 36. Kh5 Bd8 37. Bb6 Be7 {[%emt 0:00:08] [#]} 38. h4 $2 (38. g4 $1 Bf8 39. Be3) 38... Kf8 $2 (38... Bf8 $16) 39. Kg6 Kg8 40. Be3 Bd8 41. g4 Be7 42. g5 hxg5 43. hxg5 fxg5 44. Bxg5 Bxg5 45. Kxg5 Kf7 46. Kh5 Kf6 47. Kh4 g6 48. fxg6 Kxg6 49. Kg4 Kf6 50. Kh5 Kf7 $11 51. Kg5 Kg7 52. Kf5 Kf7 1/2-1/2

[Event "45th Guernsey Open 2019"]
[Site "Vale"]
[Date "2019.10.22"]
[Round "3.8"]
[White "Spanton, Tim R"]
[Black "Van den Boogaart, Jan Maarten"]
[Result "0-1"]
[ECO "B30"]
[WhiteElo "1927"]
[BlackElo "2039"]
[Annotator "NA RC"]
[PlyCount "97"]
[EventDate "2019.10.20"]
[EventCountry "GCI"]
[SourceTitle "playchess.com"]
[Source "ChessBase"]
[SourceQuality "1"]
[TimeControl "40/6000+30:2400+30"]

1. e4 c5 2. Nf3 Nc6 3. Bb5 d6 4. d4 cxd4 5. Qxd4 Bd7 6. Bxc6 Bxc6 7. Nc3 Nf6 8. Bg5 e6 9. O-O-O Be7 10. Rhe1 Qc7 11. Kb1 {[%emt 0:05:55] B53: Sicilian: 2...d6: Lines with Qxd4} (11. Qd2 Rd8 12. Nd4 a6 13. f3 O-O 14. Kb1 b5 15. g4 b4 16. Nce2 Bb7 17. Ng3 Rfe8 18. Rg1 Nd7 19. Bxe7 Rxe7 20. Nh5 Ne5 21. g5 Ng6 {1-0 (47) Hasangatin,R (2502)-Smirnov,T (2324) Serpukhov 2018}) 11... a6 12. Qd3 (12. Bxf6 $5 Bxf6 13. Qxd6 Qxd6 14. Rxd6 $11) 12... b5 ({Black should play} 12... O-O $11) 13. Bxf6 $146 ({Predecessor:} 13. Nd4 Bb7 14. f3 O-O 15. g4 Rac8 16. h4 b4 17. Nce2 d5 18. e5 {0-1 (52) Eliseev,N (2069)-Ponomarev,D Oktjabrsky 2004}) 13... gxf6 14. Nd4 Bb7 15. f3 (15. Qe2 $16) 15... Rc8 (15... b4 $11 16. Nce2 d5) 16. Rd2 b4 17. Nce2 Rg8 18. e5 fxe5 19. Qxh7 Rg6 20. Nb3 Bf8 ({But not} 20... Rxg2 21. Rc1 $19) 21. f4 Be4 ({Don't do} 21... Bxg2 22. Ng3) 22. Ka1 d5 ({Not} 22... Bxg2 23. Ng3 $17) 23. Qh8 exf4 24. g3 fxg3 25. Nxg3 Qb6 26. Nxe4 (26. Nd4 $17) 26... dxe4 27. Qe5 {[%emt 0:00:11] [#]} e3 $1 28. Rde2 Bg7 29. Qe4 a5 30. Kb1 (30. Rxe3 $17 a4 31. Nc1) 30... a4 31. Nc1 Qd4 32. Qxd4 Bxd4 33. Nd3 Rb8 34. Nf4 Rh6 35. Nd3 f5 36. Rg1 Kf7 37. Reg2 Rh7 38. Nf4 e5 39. Ne2 Bc5 40. Rg5 $1 $11 Kf6 41. Rg6+ Kf7 $2 ({Black should try} 41... Ke7 $19 42. h4 f4) 42. Rc6 $2 Rxh2 43. Rxc5 Rxe2 44. Rxe5 Kf6 45. Rd5 Rf2 46. Rdd1 f4 47. Rgf1 Rxf1 48. Rxf1 e2 49. Rh1 0-1

[Event "45th Guernsey Open 2019"]
[Site "Vale"]
[Date "2019.10.22"]
[Round "3.9"]
[White "Pleasants, Allan J"]
[Black "Rowe, Peter"]
[Result "1-0"]
[WhiteElo "2019"]
[BlackElo "1957"]
[Annotator "NA RC"]
[PlyCount "71"]
[EventDate "2019.10.20"]
[EventCountry "GCI"]
[SourceTitle "playchess.com"]
[Source "ChessBase"]
[SourceQuality "1"]
[TimeControl "40/6000+30:2400+30"]

1. d4 d6 2. e4 Nf6 3. Nc3 Nbd7 4. Nf3 e5 5. Be2 Be7 6. g4 {[%emt 0:00:41] C41: Philidor Defence} h6 (6... O-O 7. g5 Ne8 8. h4 c6 9. a4 Nc7 10. Be3 a6 11. a5 Nb5 12. Qd2 Re8 13. Nxb5 axb5 {½-½ (55) Amin,B (2654)-Jobava,B (2705) Al Ain 2013}) 7. Rg1 exd4 8. Nxd4 Nc5 9. f3 Nh7 $146 ({Predecessor:} 9... g6 10. Be3 Be6 11. Qd2 Bf8 12. O-O-O Qd7 13. b4 Na6 {1-0 (36) Savchenko,D (1628)-Rogozenco,T (1706) Oberhof 2012}) 10. Be3 Bh4+ 11. Kf1 Ng5 12. Rg2 (12. Nf5 $16 Nge6 13. Nd5 (13. Nxh4 Qxh4 14. Qd2 O-O $14)) 12... h5 {[%emt 0:09:58] [#]} (12... Nge6 $11 {remains equal.}) 13. Nf5 $1 Bxf5 (13... hxg4 $16 14. Rxg4 Nge6) 14. gxf5 ({Don't do} 14. exf5 $6 hxg4 15. Rxg4 Nh7 $16) 14... Kf8 15. Qd2 Nh7 16. Nd5 Nd7 17. Kg1 Ndf6 (17... Nhf6 {is a better defense.} 18. Rd1 Ne5) 18. Bc4 Qd7 (18... Nd7 {was necessary.} 19. Bf4 Ne5 20. Bxe5 dxe5 21. Qb4+ Be7 22. Nxe7 Qxe7 23. Qxb7 Rd8) 19. Kh1 Nxd5 20. Qxd5 c6 21. Qd2 Nf6 (21... Rd8 $142 22. Bb3 (22. Bxa7 b5 $18) 22... Bf6 23. Bxa7 Qc7) 22. Rag1 Rh7 {[%emt 0:02:21] [#]} 23. Rxg7 $3 Rxg7 24. Bh6 Ne8 25. Bxg7+ Nxg7 26. Qh6 d5 27. Qxg7+ Ke7 28. Qe5+ Kf8 29. Qh8+ Ke7 30. Qxa8 dxc4 31. Qb8 Qd4 $18 32. Qxb7+ Kd6 33. Qxf7 Qf2 34. Rd1+ Ke5 35. Qc7+ {[%emt 0:00:37] Double Attack} Kf6 36. Rd6+ {[%emt 0:00:42] Double Attack} 1-0

[Event "45th Guernsey Open 2019"]
[Site "Vale"]
[Date "2019.10.22"]
[Round "3.10"]
[White "Stanners, Michael J"]
[Black "Strade, Arita"]
[Result "0-1"]
[ECO "A01"]
[WhiteElo "1752"]
[BlackElo "1882"]
[Annotator "NA RC"]
[PlyCount "109"]
[EventDate "2019.10.20"]
[EventCountry "GCI"]
[SourceTitle "playchess.com"]
[Source "ChessBase"]
[SourceQuality "1"]
[TimeControl "40/6000+30:2400+30"]

1. b3 d5 2. Bb2 Bf5 3. e3 e6 4. Nf3 h6 5. Be2 Nf6 6. O-O Bd6 {[%emt 0:02:30] A06: Réti Opening:1 Nf3 d5} 7. d3 (7. c4 O-O 8. Nc3 c6 9. d3 Qe7 10. a3 Nbd7 11. b4 Rad8 12. Qb3 a6 13. Rad1 Rfe8 14. Rfe1 {1-0 (58) Vachier Lagrave,M (2796)-So,W (2812) Leuven 2017}) 7... O-O 8. Nbd2 Nbd7 9. d4 Ne4 10. Nxe4 $146 ({Predecessor:} 10. c4 c6 11. Ne5 Nxe5 12. dxe5 Bc5 13. Nxe4 Bxe4 14. Bd4 {0-1 (40) Buti,E (2082)-Mihalyfi,G (2143) Hungary 2004}) 10... dxe4 11. Ne5 Nf6 12. c4 c6 13. h3 Qe7 14. a3 Rad8 15. Ng4 Nd7 16. Nh2 Qg5 17. Bg4 Bh7 18. Be2 Bc7 19. Qc1 e5 20. d5 cxd5 21. cxd5 Bb6 (21... Bd6 $17 22. Bc3 Bf5) 22. Qd2 f5 23. Bc4 Kh8 24. b4 (24. Qe2 $17) 24... f4 25. Rae1 f3 26. g4 Bg8 ({Don't play} 26... Qh4 27. Kh1 $19) 27. Rc1 h5 ({Don't play} 27... Qh4 28. Kh1 $19) 28. Kh1 Qh4 (28... Nf6 $19 {and Black stays clearly on top.} 29. d6 Bxc4 30. Rxc4 Rfe8) 29. Rg1 Qxh3 30. Rg3 Qh4 31. Rcg1 hxg4 $2 (31... Nf6 $17 {and life is bright.} 32. Bxe5 Bxd5 33. gxh5 Bxc4 {[%mdl 64] Discovered Attack}) 32. Rxg4 {[%emt 0:00:11] Double Attack} Qh6 33. R1g3 Rf5 34. Rg6 {[%emt 0:03:31] [#]} Qh4 $2 (34... Qh7 $1 $19 35. Qc1 Nf6) 35. R3g4 $2 (35. Qe1 $16 {and life is bright.}) 35... Qh5 36. Qe1 Nf6 37. Rg3 Ne8 $2 ({And not} 37... Nxd5 38. Rxg7 Nf6 39. Bxg8 $11) (37... Bxd5 $19 38. Bxd5 Rxd5) 38. Bf1 Bh7 39. R6g4 (39. Re6 {was the only defense.}) 39... Rd6 $2 ({Stronger than} 39... Rxd5 40. Rh3 $14) (39... Nf6 $19 40. Rxg7 Qh6) 40. Rh3 Qf7 (40... Rh6 $1 $11 {keeps the balance.} 41. Rgg3 (41. Rxh5 $2 Rfxh5 42. Bh3 Bf5 $19) (41. Rxe4 $2 Rg5 $19) 41... Qf7) 41. Bc4 $2 (41. Rxe4 $16 Nf6 42. Reh4 (42. Rxe5 Rxd5 43. Rxf5 Rxf5 $16)) 41... Rh5 42. Qf1 Bd8 43. a4 $2 (43. Rgg3) 43... Nf6 44. Rgg3 Qd7 45. Rxh5 Nxh5 46. Rh3 Rh6 47. Bxe5 Bf5 48. Rg3 Nxg3+ 49. Bxg3 Bc7 50. Qg1 Bh3 51. Qe1 Bg2+ 52. Kg1 Bxg3 53. fxg3 Qh3 54. Qd2 Qxh2+ {[%emt 0:00:17] Bf1} 55. Kf2 0-1

[Event "45th Guernsey Open 2019"]
[Site "Vale"]
[Date "2019.10.22"]
[Round "3.11"]
[White "Fries-Nielsen, Niels Jorgen"]
[Black "Hoogakker, Peter"]
[Result "0-1"]
[ECO "A00"]
[WhiteElo "2316"]
[BlackElo "1749"]
[Annotator "RC"]
[PlyCount "46"]
[EventDate "2019.10.20"]
[EventCountry "GCI"]
[SourceTitle "playchess.com"]
[Source "ChessBase"]
[SourceQuality "1"]
[TimeControl "40/6000+30:2400+30"]

1. Nc3 d6 2. Nf3 e5 3. e4 Nf6 4. Bb5+ c6 5. Ba4 b5 6. Bb3 b4 7. Ne2 Nxe4 8. d3 Nc5 9. Be3 Nxb3 10. axb3 c5 11. Ng3 Be7 12. O-O f5 13. Bd2 Nc6 14. c3 f4 15. Ne2 Bg4 16. Ne1 O-O 17. f3 Bf5 18. d4 Bh4 19. d5 Ne7 20. cxb4 cxb4 21. Bxb4 Qb6+ 22. Kh1 Qxb4 23. Nd3 Qb5 0-1

[Event "45th Guernsey Open 2019"]
[Site "Vale"]
[Date "2019.10.23"]
[Round "4.3"]
[White "Collier, David O"]
[Black "Bianco, Valerio"]
[Result "0-1"]
[ECO "D02"]
[WhiteElo "2009"]
[BlackElo "2088"]
[Annotator "NA RC"]
[PlyCount "62"]
[EventDate "2019.10.20"]
[EventType "swiss"]
[EventCountry "GCI"]
[SourceTitle "playchess.com"]
[Source "ChessBase"]
[SourceQuality "1"]
[TimeControl "40/6000+30:2400+30"]

1. d4 d5 2. Nf3 e6 3. g3 f5 4. Bg2 Nf6 5. c4 Bd6 6. O-O O-O 7. Nc3 c6 8. b3 Nbd7 9. e3 {[%emt 0:00:28] A90: Dutch Defence: Miscellaneous and Modern Stonewall (with ...Bd6)} Ne4 10. Ne2 b6 11. Bb2 Bb7 (11... Ba6 12. Rc1 Qf6 13. Nf4 g5 {½-½ (58) Konaplev,A (2376)-Kozionov,K (2452) Sochi 2018}) 12. a4 $146 ({Predecessor:} 12. Nf4 Qe7 13. Nd3 Rac8 14. Nfe5 Ba6 15. Rc1 Nef6 16. Rc2 Nb8 17. Qc1 Nfd7 {1-0 (66) Riha,O (1947)-Danek,P (2004) Czechia 2009}) 12... a5 13. Rc1 Qe7 14. Nd2 Bb4 15. Nb1 Rfd8 16. Nec3 Rac8 17. Na2 Bd6 18. Re1 dxc4 19. bxc4 Ndf6 20. f3 Ng5 21. e4 fxe4 22. fxe4 e5 23. d5 (23. c5 $17 {was called for.} bxc5 24. Qb3+ Qf7 25. Qxf7+ Nxf7 26. dxc5) 23... Bc5+ 24. Kh1 Rc7 ({Black should try} 24... h5 25. h4 Ng4) 25. h4 $19 (25. Rc2 $17) 25... Bc8 26. hxg5 Ng4 27. Qd2 Qf7 28. g6 Qxg6 29. Bf3 Qh5+ 30. Kg2 Qh2+ 31. Kf1 Qh5 0-1

[Event "45th Guernsey Open 2019"]
[Site "Vale"]
[Date "2019.10.23"]
[Round "4.4"]
[White "Curtis, John"]
[Black "Purdon, Colin"]
[Result "1/2-1/2"]
[ECO "A48"]
[WhiteElo "2292"]
[BlackElo "1993"]
[Annotator "ChessBase"]
[PlyCount "25"]
[EventDate "2019.10.20"]
[EventType "swiss"]
[EventCountry "GCI"]
[SourceTitle "playchess.com"]
[Source "ChessBase"]
[SourceQuality "1"]
[TimeControl "40/6000+30:2400+30"]

1. d4 Nf6 2. Nf3 g6 3. Bg5 Bg7 4. Nbd2 d5 5. e3 O-O 6. Bd3 c5 7. c3 Qb6 8. Rb1 Nc6 9. O-O Re8 10. b4 cxb4 11. cxb4 Be6 12. a3 Nd7 13. Nb3 1/2-1/2

[Event "45th Guernsey Open 2019"]
[Site "Vale"]
[Date "2019.10.23"]
[Round "4.5"]
[White "Heppell, Ian N"]
[Black "Reijneveld, Ad"]
[Result "1-0"]
[ECO "B23"]
[WhiteElo "1995"]
[BlackElo "2056"]
[Annotator "NA"]
[PlyCount "49"]
[EventDate "2019.10.20"]
[EventType "swiss"]
[EventCountry "GCI"]
[SourceTitle "playchess.com"]
[Source "ChessBase"]
[SourceQuality "1"]
[TimeControl "40/6000+30:2400+30"]

1. e4 c5 2. Nc3 Nc6 3. f4 g6 4. Nf3 Bg7 5. g3 e6 6. Bg2 Nge7 7. d3 d6 8. O-O O-O 9. g4 f5 10. gxf5 gxf5 11. Kh1 Kh8 12. Ng5 Qe8 13. Nb5 h6 14. Nxd6 Qg6 15. Nf3 e5 16. fxe5 (16. Nxc8 $18 Raxc8 17. Nh4) 16... Nxe5 17. Nxc8 $18 Raxc8 18. Bf4 Nxf3 19. Qxf3 fxe4 20. Qxe4 Qxe4 21. Bxe4 b6 22. Bd6 Rxf1+ 23. Rxf1 Ng8 24. Rf7 Rd8 25. Be5 1-0

[Event "45th Guernsey Open 2019"]
[Site "Vale"]
[Date "2019.10.23"]
[Round "4.6"]
[White "Van den Boogaart, Jan Maarten"]
[Black "Rosen, Daniel B"]
[Result "1-0"]
[ECO "B06"]
[WhiteElo "2039"]
[BlackElo "1990"]
[Annotator "NA"]
[PlyCount "41"]
[EventDate "2019.10.20"]
[EventType "swiss"]
[EventCountry "GCI"]
[SourceTitle "playchess.com"]
[Source "ChessBase"]
[SourceQuality "1"]
[TimeControl "40/6000+30:2400+30"]

1. e4 d6 2. d4 g6 3. Nc3 Bg7 4. Be3 c6 5. Qd2 Nd7 6. Nf3 b5 7. Bd3 Bb7 8. O-O a6 9. a4 e5 10. dxe5 dxe5 11. axb5 axb5 12. Bxb5 cxb5 $18 (12... Ngf6) 13. Nxb5 Bf8 14. Rxa8 Bxa8 15. Rd1 Bc6 16. Nxe5 Bxb5 17. Qd5 Qe7 18. Qxb5 Ngf6 19. Nc6 Qe6 20. Qb8+ Nxb8 21. Rd8# 1-0

[Event "45th Guernsey Open 2019"]
[Site "Vale"]
[Date "2019.10.23"]
[Round "4.7"]
[White "Thurlow, Kevin J"]
[Black "Kwossek, Georg"]
[Result "1/2-1/2"]
[ECO "A85"]
[WhiteElo "2021"]
[BlackElo "1984"]
[Annotator "NA"]
[PlyCount "34"]
[EventDate "2019.10.20"]
[EventType "swiss"]
[EventCountry "GCI"]
[SourceTitle "playchess.com"]
[Source "ChessBase"]
[SourceQuality "1"]
[TimeControl "40/6000+30:2400+30"]

1. c4 f5 2. d4 Nf6 3. Nc3 g6 4. g3 Bg7 5. Bg2 O-O 6. e3 d6 7. Nge2 Qe8 8. b3 a5 9. Bb2 Na6 10. a3 Rb8 11. h4 e5 12. O-O h6 13. dxe5 dxe5 $11 14. Nd5 Nd7 15. Ndc3 Nf6 16. Nd5 Nd7 17. Ndc3 g5 1/2-1/2

[Event "45th Guernsey Open 2019"]
[Site "Vale"]
[Date "2019.10.23"]
[Round "4.8"]
[White "Morcom, Huw"]
[Black "Pleasants, Allan J"]
[Result "1/2-1/2"]
[ECO "B40"]
[WhiteElo "1906"]
[BlackElo "2019"]
[Annotator "NA RC"]
[PlyCount "83"]
[EventDate "2019.10.20"]
[EventType "swiss"]
[EventCountry "GCI"]
[SourceTitle "playchess.com"]
[Source "ChessBase"]
[SourceQuality "1"]
[TimeControl "40/6000+30:2400+30"]

1. e4 c5 2. Nf3 e6 3. d3 Nc6 4. Be2 d6 (4... Nf6 5. O-O Be7 6. c3 Qc7 7. Qc2 d5 8. Nbd2 Bd7 9. a3 Rc8 10. Re1 O-O 11. Bf1 b5 12. Qb1 {1-0 (50) Tsoi,D (2361)-Iljiushenok,I (2519) St Petersburg 2017}) 5. O-O Nf6 6. Nbd2 {[%emt 0:00:08] B40: Sicilian: 2...e6, Unusual lines} Be7 7. Re1 O-O 8. Nf1 Qc7 9. Ng3 Re8 $146 ({Predecessor:} 9... Bd7 10. Bf4 a6 11. Qd2 Rac8 12. Bf1 {0-1 (45) Jonas,N-Gonzalves,L Santos 2008}) 10. Bf1 b6 11. b3 Bb7 12. Bb2 e5 13. Bc1 d5 14. Bg5 Rad8 15. Qc1 Bc8 16. Qb2 d4 17. h3 h6 18. Bd2 Bf8 19. Re2 b5 20. a4 a6 21. axb5 axb5 22. Nf5 Be6 23. g4 Ra8 24. g5 Nh5 25. gxh6 g6 26. Ng7 Nxg7 27. hxg7 Bxg7 28. Rxa8 Rxa8 29. Ng5 Bc8 30. Qc1 f6 31. Nf3 Be6 32. Nh4 Ne7 33. f4 c4 34. bxc4 bxc4 35. dxc4 Bxc4 36. Rg2 Bf7 37. fxe5 Qxe5 38. Bd3 Qh5 39. Qe1 g5 40. Nf5 Nxf5 41. exf5 Re8 42. Qf2 $17 1/2-1/2

[Event "45th Guernsey Open 2019"]
[Site "Vale"]
[Date "2019.10.23"]
[Round "4.10"]
[White "Strade, Arita"]
[Black "Hoogakker, Peter"]
[Result "1/2-1/2"]
[ECO "B07"]
[WhiteElo "1882"]
[BlackElo "1749"]
[Annotator "NA RC"]
[PlyCount "70"]
[EventDate "2019.10.20"]
[EventType "swiss"]
[EventCountry "GCI"]
[SourceTitle "playchess.com"]
[Source "ChessBase"]
[SourceQuality "1"]
[TimeControl "40/6000+30:2400+30"]

1. e4 d6 2. d4 Nf6 3. Nc3 Nbd7 4. Be3 e5 5. Nf3 c6 6. dxe5 {[%emt 0:05:11] B07: Pirc Defence: Miscellaneous Systems} (6. Nd2 exd4 7. Bxd4 Be7 8. Be2 O-O 9. O-O Re8 10. a4 Bf8 11. Re1 Nc5 12. Bf1 d5 13. exd5 Rxe1 14. Qxe1 Nxd5 15. Nxd5 Qxd5 {1-0 (32) Dvoirys,S (2552)-Neuman,P (2442) Pardubice 2017}) 6... dxe5 7. a3 Ng4 $146 ({Predecessor:} 7... Qc7 8. Bc4 Be7 9. h3 O-O 10. O-O Nc5 11. Nd2 b5 12. Ba2 Ne6 13. Bxe6 Bxe6 {0-1 (46) Van Dijk,G (1739)-Fischer,A (1912) Germany 2017}) 8. Bg5 Qb6 9. Qd2 h6 10. Na4 Qxf2+ 11. Qxf2 Nxf2 12. Kxf2 hxg5 13. Nxg5 b5 14. Nc3 Bc5+ 15. Kg3 Nf6 16. Be2 Rh6 17. h4 Be3 18. Rad1 Rg6 19. Rd3 Bd4 20. Kh2 Bg4 21. Bf3 O-O-O 22. Nxf7 Rd7 23. Ng5 Rd8 24. Kg3 Bxf3 25. Kxf3 Nh5 (25... Rh8 $11 {remains equal.}) 26. g3 Rf6+ 27. Kg4 g6 28. Nf3 a6 29. b3 c5 30. Ne2 Rdf8 31. c4 ({Inferior is} 31. Nfxd4 cxd4 32. Re1 Rf2 $15) (31. Nexd4 $18 exd4 32. e5) 31... bxc4 $14 32. bxc4 Rb6 33. Nexd4 Nf6+ 34. Kh3 Nxe4 35. Rh2 exd4 1/2-1/2

[Event "45th Guernsey Open 2019"]
[Site "Vale"]
[Date "2019.10.23"]
[Round "4.11"]
[White "Dennis, Nigel W"]
[Black "Hamann, Marcus"]
[Result "1/2-1/2"]
[ECO "B34"]
[WhiteElo "1768"]
[BlackElo "1802"]
[Annotator "NA"]
[PlyCount "55"]
[EventDate "2019.10.20"]
[EventType "swiss"]
[EventCountry "GCI"]
[SourceTitle "playchess.com"]
[Source "ChessBase"]
[SourceQuality "1"]
[TimeControl "40/6000+30:2400+30"]

1. e4 c5 2. Nf3 Nc6 3. d4 cxd4 4. Nxd4 Nf6 5. Nc3 e5 6. Ndb5 d6 $11 7. Bg5 a6 8. Na3 Be7 9. Bxf6 Bxf6 10. Nd5 b5 11. c3 O-O 12. Nc2 Bg5 13. Nce3 Be6 14. Be2 Ne7 15. O-O Bxe3 16. Nxe3 d5 17. exd5 Nxd5 18. Nxd5 Qxd5 19. Qxd5 Bxd5 20. Rfd1 Rad8 21. Kf1 f5 22. a4 Bc4 23. axb5 axb5 24. Ke1 Kf7 25. b4 Bxe2 26. Kxe2 Rxd1 27. Rxd1 Ke6 28. g3 1/2-1/2

[Event "45th Guernsey Open 2019"]
[Site "Vale"]
[Date "2019.10.24"]
[Round "5.1"]
[White "Hebden, Mark L"]
[Black "Baker, Chris W"]
[Result "1-0"]
[ECO "D00"]
[WhiteElo "2427"]
[BlackElo "2245"]
[Annotator "NA"]
[PlyCount "65"]
[EventDate "2019.10.20"]
[EventType "swiss"]
[EventCountry "GCI"]
[SourceTitle "playchess.com"]
[Source "ChessBase"]
[SourceQuality "1"]
[TimeControl "40/6000+30:2400+30"]

1. d4 d5 2. Nc3 Nf6 3. Bf4 a6 4. e3 e6 5. g4 c5 6. g5 Nfd7 7. h4 Nc6 8. Nf3 Qa5 9. a3 b5 10. Be2 b4 11. axb4 Qxb4 12. Ra2 cxd4 13. exd4 Bb7 14. O-O Bc5 15. Nb5 axb5 16. c3 Rxa2 17. cxb4 Bxb4 18. Bxb5 Ra5 19. Bxc6 Bxc6 20. Bd2 Bxd2 21. Qxd2 Ra6 22. Qb4 f6 23. Re1 Kf7 24. h5 Rb8 25. Qd6 Bb5 26. Qc7 Ke7 27. h6 Rg8 28. Kh2 Bd3 29. hxg7 Rxg7 30. gxf6+ Kxf6 31. Qd8+ Kf5 32. Ne5 Bb5 33. Nxd7 1-0

[Event "45th Guernsey Open 2019"]
[Site "Vale"]
[Date "2019.10.24"]
[Round "5.2"]
[White "White, Nigel"]
[Black "Povah, Nigel E"]
[Result "0-1"]
[ECO "B01"]
[WhiteElo "1975"]
[BlackElo "2301"]
[Annotator "NA"]
[PlyCount "78"]
[EventDate "2019.10.20"]
[EventType "swiss"]
[EventCountry "GCI"]
[SourceTitle "playchess.com"]
[Source "ChessBase"]
[SourceQuality "1"]
[TimeControl "40/6000+30:2400+30"]

1. e4 d5 2. exd5 Qxd5 3. d4 Nc6 4. Nf3 Bg4 5. Be2 e6 6. O-O Nf6 7. Be3 O-O-O 8. c4 Qf5 9. Nc3 Bc5 10. Qa4 Bxf3 11. dxc5 Bxe2 12. Nxe2 Ng4 13. Ng3 Qe5 14. b4 Nxe3 15. Rfe1 Qc3 16. fxe3 Qxb4 17. Qxb4 Nxb4 18. Rab1 Nd3 19. Rf1 f5 20. Rb5 a6 21. Ra5 c6 22. Ne2 g6 23. Nd4 e5 24. Ne6 Rd7 25. Ng5 Re8 26. g3 e4 27. h4 Ne5 28. Ra4 h6 29. Nh3 Nf3+ 30. Kh1 Rd2 31. Rf2 Red8 32. Kg2 Ne5 33. Nf4 Ng4 34. Rxd2 Rxd2+ 35. Kg1 Nxe3 36. Nxg6 Rg2+ 37. Kh1 Rxg3 38. Ra3 Rxg6 39. Rxe3 Kd7 0-1

[Event "45th Guernsey Open 2019"]
[Site "Vale"]
[Date "2019.10.24"]
[Round "5.3"]
[White "Bianco, Valerio"]
[Black "Van den Boogaart, Jan Maarten"]
[Result "1-0"]
[ECO "D10"]
[WhiteElo "2088"]
[BlackElo "2039"]
[Annotator "NA RC"]
[PlyCount "71"]
[EventDate "2019.10.20"]
[EventType "swiss"]
[EventCountry "GCI"]
[SourceTitle "playchess.com"]
[Source "ChessBase"]
[SourceQuality "1"]
[TimeControl "40/6000+30:2400+30"]

1. d4 d5 2. c4 c6 3. cxd5 cxd5 4. Bf4 Nc6 5. e3 Nf6 6. Nc3 Bf5 7. Qb3 Na5 8. Qa4+ Bd7 9. Qc2 e6 10. Bd3 Nc6 11. a3 Nh5 12. Be5 f6 13. Bg3 f5 14. Nge2 Be7 15. f3 Nxg3 16. hxg3 Qb6 17. Na4 Qa5+ 18. b4 Bxb4+ 19. Kf2 Bd6 20. Nc5 Bxc5 21. dxc5 Ne5 22. Rhb1 Ba4 23. Rb3 Bxb3 24. Qxb3 O-O 25. Nf4 Nxd3+ 26. Qxd3 Rfe8 27. Rb1 Qxc5 28. Rxb7 Rab8 29. Nxe6 Qc1 30. Rxg7+ Kh8 31. Rxh7+ Kg8 32. Rh8+ Kf7 33. Qxf5+ Ke7 34. Rh7+ Kd6 35. Qf4+ Kxe6 36. Qf7+ 1-0

[Event "45th Guernsey Open 2019"]
[Site "Vale"]
[Date "2019.10.24"]
[Round "5.4"]
[White "Havenaar, Jan"]
[Black "Heppell, Ian N"]
[Result "1/2-1/2"]
[ECO "C26"]
[WhiteElo "2091"]
[BlackElo "1995"]
[Annotator "NA"]
[PlyCount "62"]
[EventDate "2019.10.20"]
[EventType "swiss"]
[EventCountry "GCI"]
[SourceTitle "playchess.com"]
[Source "ChessBase"]
[SourceQuality "1"]
[TimeControl "40/6000+30:2400+30"]

1. Nc3 Nf6 2. e4 e5 3. g3 d5 4. exd5 c6 5. Qe2 cxd5 6. Qxe5+ Be7 7. Nb5 O-O 8. Qc7 Qe8 9. Be2 Nc6 10. c3 a6 11. Nd6 Bxd6 12. Qxd6 d4 13. d3 Bf5 14. Bg5 Rd8 15. Qf4 Bxd3 16. Bxf6 gxf6 17. Qg4+ Bg6 18. O-O-O dxc3 19. bxc3 Qe5 20. Kb2 Rxd1 21. Bxd1 Rd8 22. Nf3 Qb5+ 23. Bb3 Qe2+ 24. Ka3 Qxf2 25. Rd1 Qc5+ 26. Kb2 Qf2+ 27. Ka3 Qc5+ 28. Kb2 Rxd1 29. Bxd1 Qf5 30. Qxf5 Bxf5 31. Nd4 Be4 1/2-1/2

[Event "45th Guernsey Open 2019"]
[Site "Vale"]
[Date "2019.10.24"]
[Round "5.5"]
[White "Kwossek, Georg"]
[Black "Curtis, John"]
[Result "1/2-1/2"]
[ECO "A41"]
[WhiteElo "1984"]
[BlackElo "2292"]
[Annotator "NA RC"]
[PlyCount "53"]
[EventDate "2019.10.20"]
[EventType "swiss"]
[EventCountry "GCI"]
[SourceTitle "playchess.com"]
[Source "ChessBase"]
[SourceQuality "1"]
[TimeControl "40/6000+30:2400+30"]

1. Nf3 d6 2. d4 Bg4 3. c4 Nd7 4. Nc3 Bxf3 5. gxf3 g6 6. Bg2 Bg7 7. f4 c6 8. e3 e6 9. e4 Ne7 10. Be3 Qa5 11. a3 c5 12. O-O O-O 13. Nb5 cxd4 14. Bxd4 d5 15. b4 Qd8 16. Bxg7 Kxg7 17. cxd5 exd5 18. Qd4+ Nf6 19. e5 Nh5 20. Nd6 Kg8 21. b5 Qd7 22. h3 Rad8 23. Rad1 Nf5 24. Qxd5 Nxf4 25. Qxb7 Qe6 26. Qf3 g5 27. Nxf5 1/2-1/2